 Dungeon Sprint DCSS version 0.29-a0-194-g6e3aafee17 (webtiles) character file.

Game seed: 1536710335777037730

17230 Zeldest the Earth Mage (level 12, -3/114 HPs)
             Began as a Barachi Ice Elementalist on Feb 23, 2022.
             Was the Champion of Makhleb.
             Killed from afar by a storm dragon (6 damage)
             ... with a bolt of lightning
             ... in the Dungeon (Sprint V: "Ziggurat Sprint").
             The game lasted 00:15:36 (739 turns).

Zeldest the Earth Mage (Barachi Ice Elementalist)    Turns: 739, Time: 00:15:36

Health: -3/114     AC: 15    Str: 10      XL:     12   Next: 45%
Magic:  27/27      EV: 11    Int: 30 (32) God:    Makhleb [******]
Gold:   0          SH:  0    Dex: 13      Spells: 10/33 levels left

rFire   + + .      SeeInvis +   D - +8 lance "Wyrmbane" {slay drac, rPois rF+ rC+ AC+3}
rCold   + + .      Faith    .   g - orb {*channel}
rNeg    + + +      Spirit   .   c - +2 acid dragon scales of the Skies Above {Fly rElec rN+++ rCorr Stlth-}
rPois   +          Reflect  .   I - +1 helmet {SInv}
rElec   +          Harm     .   (no cloak)
rCorr   +          Rampage  .   (no gloves)
Will    .....      NoTele   +   s - +1 pair of boots {Stlth+}
Stlth   +.........              K - amulet of the acrobat
HPRegen 0.29/turn               y - +6 ring of intelligence
MPRegen 0.20/turn               x - +6 ring of intelligence

@: resistant, flying, studying Fighting, slow
A: amphibious, slowness 1, strong legs 1, +LOS
a: Hop, Renounce Religion, Minor Destruction, Lesser Servant of Makhleb, Major
Destruction, Greater Servant of Makhleb


You were in the Dungeon.
You worshipped Makhleb.
Makhleb was exalted by your worship.
You visited 1 branch

Inventory:

Hand Weapons
 C - the +6 Majin-Bo {vamp, MP+6 Int+6}
   (You found it in the Dungeon)

   It occasionally heals its wielder for a portion of the damage dealt when they
   wound a living foe with it or with a spell.
   Its wielder's spells cost health as well as magical power.
   Int:       It affects your intelligence (+6).
   MP:        It affects your magic capacity (+6).
 D - the +8 lance "Wyrmbane" (weapon) {slay drac, rPois rF+ rC+ AC+3}
   (You found it in the Dungeon)

   It inflicts extra damage against dragons and draconians.
   AC:        It affects your AC (+3).
   rF:        It protects you from fire.
   rC:        It protects you from cold.
   rPois:     It protects you from poison.
Armour
 a - a +0 robe
 c - the +2 acid dragon scales of the Skies Above (worn) {Fly rElec rN+++ rCorr Stlth-}
   (You found it in the Dungeon)

   rElec:     It insulates you from electricity.
   rN:        It renders you almost immune to negative energy.
   Fly:       It grants you flight.
   rCorr:     It protects you from acid and corrosion.
   Stlth:     It makes you less stealthy.
 g - an orb of energy (worn)
 k - the +7 Kryia's mail coat {PotionHeal*2 rC+}
   (You found it in the Dungeon)

   Potions are twice as effective at healing its wearer.
   rC:        It protects you from cold.
 s - a +1 pair of boots of stealth (worn)
 t - the +2 hat of the Bear Spirit {Spirit, *Rage Will++}
   (You found it in the Dungeon)

   Going berserk makes the wearer tougher, and they're slowed less afterward.
   *Rage:     It berserks you when you make melee attacks (+20% chance).
   Will:      It greatly increases your willpower.
 I - a +1 helmet of see invisible (worn)
Magical Staves
 G - a staff of cold
 J - a staff of earth
Jewellery
 u - a ring of flight
 v - a +6 ring of dexterity
 w - a +6 ring of dexterity
 x - a +6 ring of intelligence (right hand)
 y - a +6 ring of intelligence (left hand)
 z - a +6 ring of strength
 A - a +6 ring of strength
 F - an amulet of reflection
 H - an amulet of regeneration
 K - an amulet of the acrobat (around neck)
 M - the amulet of Ypri {RegenMP Rampage rN+++ Str+4 Dex-2}
   (You found it in the Dungeon)

   [amulet of magic regeneration]

   It increases your rate of magic regeneration.
   Str:       It affects your strength (+4).
   Dex:       It affects your dexterity (-2).
   rN:        It renders you almost immune to negative energy.
   Rampage:   It bestows one free step when moving towards enemies.
 P - the ring of Xom's Passing Interest {rN+ Will+}
   (You found it in the Dungeon)

   [ring of willpower]

   rN:        It protects you from negative energy.
   Will:      It increases your willpower.
Wands
 r - a wand of mindburst (2)
Scrolls
 m - 4 scrolls of amnesia
 n - 7 scrolls of fog
 o - 2 scrolls of holy word
 p - 5 scrolls of identify
 q - 2 scrolls of fear
Potions
 b - 2 potions of curing
 d - 4 potions of haste
 e - 6 potions of magic
 f - 3 potions of berserk rage
 h - 2 potions of brilliance
 i - a potion of invisibility
 j - 3 potions of resistance
 l - 5 potions of might
Miscellaneous
 B - a lightning rod (4/4)
 E - a tin of tremorstones (1/2)
 L - a condenser vane
 N - a phial of floods
 O - a box of beasts
 Q - a phantom mirror


   Skills:
 + Level 17.5 Fighting
 - Level 2.1 Dodging
 - Level 1.7 Stealth
 - Level 11.1 Spellcasting
 - Level 7.0 Conjurations
 * Level 15.1 Ice Magic
 * Level 17.9 Earth Magic
 + Level 11.4 Invocations
 + Level 6.6 Evocations


You had 10 spell levels left.
You knew the following spells:

 Your Spells              Type           Power      Damage    Failure   Level
a - Freeze                Ice            100%       1d11      0%          1
b - Hailstorm             Conj/Ice       70%        3d15      1%          4
c - Shatter               Erth           45%        3d35*     97%         9
d - Polar Vortex          Ice            41%        N/A       100%        9

Your spell library contained the following spells:

 Spells                   Type           Power      Damage    Failure   Level
 Static Discharge         Conj/Air       37%        N/A       1%          2
 Frozen Ramparts          Ice            100%       1d12      1%          3
 Ozocubu's Armour         Ice            82%        N/A       1%          3
 Ice Form                 Ice/Tmut       58%        N/A       2%          4
 Summon Ice Beast         Ice/Summ       58%        N/A       2%          4
 Conjure Flame            Conj/Fire      37%        6-21      3%          3
 Slow                     Hex            64%        N/A       4%          1
 Freezing Cloud           Conj/Ice/Air   28%        6-21      7%          5
 Poisonous Vapours        Pois/Air       32%        N/A       8%          2
 Sticky Flame             Conj/Fire      37%        2d6       12%         4
 Confusing Touch          Hex            16%        N/A       16%         3
 Ignite Poison            Fire/Tmut/Pois 16%        N/A       16%         3
 Vampiric Draining        Necr           16%        2d7       16%         3
 Simulacrum               Ice/Necr       29%        N/A       34%         6
 Summon Lightning Spire   Summ/Air       16%        N/A       45%         4
 Monstrous Menagerie      Summ           8%         N/A       100%        7
 Storm Form               Tmut/Air       8%         N/A       100%        7
 Maxwell's Capacitive Co  Air            8%         ∞         100%        8
 Chain Lightning          Conj/Air       18%        3d24      100%        9
 Fire Storm               Conj/Fire      18%        8d5       100%        9


Dungeon Overview and Level Annotations

Branches:
Dungeon (1/1)

Altars:
Ashenzari
Cheibriados
Dithmenos
Elyvilon
Fedhas
Gozag
Hepliaklqana
Kikubaaqudgha
Makhleb
Nemelex Xobeh
Okawaru
Qazlal
Ru
Sif Muna
Trog
Uskayaw
Vehumet
Wu Jian
Xom
Yredelemnul
Zin
The Shining One
Beogh
Jiyva
Lugonu


Innate Abilities, Weirdness & Mutations

You are amphibious.
You cover ground slowly.
You can hop short distances.
You have an extended range of vision and can be seen from far away.


Message History

Wyrmbane glows as a worthy foe approaches.
A storm dragon comes into view.
Aiming: Freeze (safe; 0% risk of failure)
Press: ? - help, Q - select action, (/) - cycle Shift-Dir - straight line, f - you
Okay, then.
Wyrmbane glows as a worthy foe approaches.
A storm dragon comes into view.
Found six items.
The titan shouts!
The wind drake hisses angrily.
The storm dragon roars deafeningly!
The wind drake hisses angrily.
The storm dragon breathes lightning at you.
The bolt of lightning hits the titan.
The titan completely resists.
The bolt of lightning hits you! You resist.
The wind drake flaps its wings at you. The air twists around and strikes you!
The storm dragon breathes lightning at you.
The bolt of lightning hits the titan.
The titan completely resists.
The bolt of lightning hits the air elemental.
The air elemental completely resists.
The bolt of lightning misses you.
The titan waves its arms in wide circles.
The air twists around and strikes you!!
The titan waves its arms in wide circles.
The air twists around and strikes you!!
The wind drake hisses angrily.
You feel protected.
The storm dragon roars deafeningly!
The air elemental fires a burst of electricity at you.
The stunning burst misses you. The wind drake flaps its wings at you.
The air twists around and strikes you!!
* * * LOW HITPOINT WARNING * * *
The storm dragon breathes lightning at you.
The bolt of lightning misses the air elemental.
The bolt of lightning hits you! You resist.
* * * LOW HITPOINT WARNING * * *
The storm dragon breathes lightning at you.
The bolt of lightning hits you! You resist.
* * * LOW HITPOINT WARNING * * *
The bolt of lightning hits you. You resist.
You die...

▓..=|)})})..▓▓▓▓▓▓▓▓▓▓▓
▓...Dkkk:...▓...8©8...▓
▓....CD.....▓..|.|....▓
▓...Dk.CD...▓....}}...▓
▓.....D.....▓.........▓
▓....E......▓.........▓
▓...........▓...)))†..▓
▓..▓.....▓..▓....)....▓
▓.....@.....▓.........▓
▓.....©.....▓....©....▓
▓▓▓▓▓▓▓▓▓▓▓▓▓▓▓▓▓▓▓▓▓▓▓
▓...8©8...▓...8©8...▓..
▓..).|.}).▓..)}.||..▓..
▓..)||}|..▓...})|)..▓..
▓.........▓.........▓..
▓.........▓..†......▓..
▓.........▓.........▓..


You could see 2 titans, 5 storm dragons, 4 wind drakes and an air elemental.

Vanquished Creatures
  2 white draconians (D)
  A purple draconian (D)
  A deep elf high priest (D)
  2 orc high priests (D)
  A wretched star (D)
  2 deep elf knights (D)
  A deep elf archer (D)
  An orb spider (D)
  3 deep elf zephyrmancers (D)
  5 deep elf pyromancers (D)
  A wolf spider (D)
  6 draconians (D)
  A moth of wrath (D)
  A demonic crawler (D)
  A smoke demon (D)
  A meliai (D)
  3 hornets (D)
  A tarantella (D)
  3 jumping spiders (D)
  An air elemental (D)
  4 spriggans (D)
  A neqoxec (D)
  A fire elemental (D)
  A redback (D)
  A chaos spawn (D)
  A small abomination (D)
  A large abomination (D)
  A hell hound (D)
  5 wolves (D)
  A scorpion (D)
  A crimson imp (D)
  A quasit (D)
  2 orc priests (D)
  An iguana (D)
  2 iron imps (D)
  2 orc wizards (D)
  3 white imps (D)
  An adder skeleton (D)
  4 orcs (D)
  A bat zombie (D)
  A quokka skeleton (D)
  A quokka zombie (D)
75 creatures vanquished.

Notes
Turn   | Place    | Note
-------+----------+-------------------------------------------
     0 | D        | Found the +6 Majin-Bo {vamp, MP+6 Int+6}
     0 | D        | Found the +9 heavy crossbow "Sniper" {vorpal, Acc+∞ SInv}
     0 | D        | Found the +10 dark maul {vorpal}
     0 | D        | Found the +15 Maxwell's patent armour {-Cast -Tele rElec
                  | Will+ rCorr}
     0 | D        | Found the +18 shield of the Gong {rElec rN+ Will+ EV-5}
     0 | D        | Found the +14 obsidian axe {vorpal, Mesm Drain Fly SInv}
     0 | D        | Found the +7 great mace "Firestarter" {inner flame, rF++}
     0 | D        | Found the +6 shillelagh "Devastator" {shatter}
     0 | D        | Found the +11 plutonium sword {Contam Stlth-}
     0 | D        | Found the +8 lance "Wyrmbane" {slay drac, rPois rF+ rC+
                  | AC+3}
     0 | D        | Found the +9 sword of Zonguldrok {reap}
     0 | D        | Found the +13 scythe of Curses {drain, Drain}
     0 | D        | Found the +5 sword of Power {vorpal}
     0 | D        | Found the +7 mace of Variability {chain chaos}
     0 | D        | Found the +7 Singing Sword {vorpal, sonic wave}
     0 | D        | Found the +8 storm bow {elec, penet}
     0 | D        | Zeldest the Barachi Ice Elementalist began the quest for
                  | the Orb.
     0 | D        | Reached XP level 1. HP: 13/13 MP: 3/3
     0 | D        | Found a transporter.
     0 | D        | Found an ancient bone altar of Kikubaaqudgha.
     0 | D        | Found a viscous altar of Jiyva.
     0 | D        | Found a corrupted altar of Lugonu.
     0 | D        | Found a hazy altar of Hepliaklqana.
     0 | D        | Found a burning altar of Makhleb.
     0 | D        | Found an opulent altar of Gozag.
     7 | D        | Banished a spatial maelstrom
    22 | D        | Became a worshipper of Makhleb the Destroyer
    41 | D        | Entered arena 2.
    41 | D        | Noticed an iguana
    41 | D        | Noticed a wolf
    41 | D        | Found a transporter.
    44 | D        | Killed an iguana
    45 | D        | Reached XP level 2. HP: 20/24 MP: 5/5
    45 | D        | Reached XP level 3. HP: 24/29 MP: 6/6
    50 | D        | Killed a wolf
    51 | D        | Reached skill level 5 in Fighting
    51 | D        | Reached XP level 4. HP: 7/39 MP: 7/7
    63 | D        | Reached XP level 5. HP: 42/44 MP: 11/12
    65 | D        | Entered arena 3.
    65 | D        | Found the +7 Kryia's mail coat {PotionHeal*2 rC+}
    65 | D        | Noticed a jumping spider
    65 | D        | Noticed a jumping spider
    65 | D        | Found a transporter.
    67 | D        | Reached * piety under Makhleb
    68 | D        | Reached skill level 5 in Conjurations
    68 | D        | Reached skill level 10 in Invocations
    68 | D        | Reached skill level 1 in Evocations
    68 | D        | Reached XP level 6. HP: 51/52 MP: 11/13
    69 | D        | Killed a jumping spider
    76 | D        | Killed a jumping spider
    77 | D        | Reached XP level 7. HP: 55/60 MP: 13/15
    87 | D        | Learned a level 4 spell: Hailstorm
    90 | D        | Entered arena 4.
    90 | D        | Found a transporter.
    91 | D        | Reached ** piety under Makhleb
   101 | D        | Entered arena 5.
   101 | D        | Found a transporter.
   103 | D        | Reached *** piety under Makhleb
   125 | D        | Got the Guide on Summoning
   127 | D        | Entered arena 6.
   127 | D        | Noticed a deep elf pyromancer
   127 | D        | Noticed a deep elf archer
   127 | D        | Noticed an air elemental
   127 | D        | Noticed an orc high priest
   127 | D        | Noticed a deep elf high priest
   127 | D        | Found a transporter.
   128 | D        | Paralysed by an air elemental for 1 turns
   129 | D        | Killed an air elemental
   129 | D        | Reached **** piety under Makhleb
   130 | D        | Reached XP level 8. HP: 19/68 MP: 16/16
   131 | D        | Killed a deep elf high priest
   132 | D        | Reached skill level 5 in Spellcasting
   133 | D        | Killed an orc high priest
   134 | D        | Reached skill level 10 in Fighting
   134 | D        | Reached XP level 9. HP: 51/79 MP: 18/18
   134 | D        | Killed a deep elf pyromancer
   136 | D        | Killed a deep elf archer
   137 | D        | Reached skill level 10 in Earth Magic
   153 | D        | Entered arena 7.
   153 | D        | Noticed a deep elf knight
   153 | D        | Noticed a deep elf pyromancer
   153 | D        | Noticed a deep elf zephyrmancer
   153 | D        | Noticed an orc high priest
   153 | D        | Noticed a deep elf pyromancer
   153 | D        | Noticed a deep elf zephyrmancer
   153 | D        | Found a transporter.
   155 | D        | Noticed an orange demon
   158 | D        | Killed a deep elf pyromancer
   158 | D        | Reached ***** piety under Makhleb
   158 | D        | Killed a deep elf zephyrmancer
   158 | D        | Killed a deep elf zephyrmancer
   158 | D        | Killed an orc high priest
   159 | D        | Reached XP level 10. HP: 92/92 MP: 17/23
   160 | D        | Killed a deep elf pyromancer
   161 | D        | Killed a deep elf knight
   162 | D        | Reached skill level 10 in Spellcasting
   180 | D        | Got the Tome of the Frostbite
   184 | D        | Entered arena 8.
   184 | D        | Found the +2 hat of the Bear Spirit {Spirit, *Rage Will++}
   184 | D        | Noticed a deep elf zephyrmancer
   184 | D        | Noticed a deep elf pyromancer
   184 | D        | Noticed a deep elf knight
   184 | D        | Noticed a deep elf pyromancer
   184 | D        | Found a transporter.
   192 | D        | Killed a deep elf pyromancer
   194 | D        | Killed a deep elf knight
   194 | D        | Killed a deep elf pyromancer
   194 | D        | Reached ****** piety under Makhleb
   195 | D        | Reached XP level 11. HP: 70/101 MP: 25/25
   196 | D        | Killed a deep elf zephyrmancer
   210 | D        | Got the amulet of Ypri {RegenMP Rampage rN+++ Str+4 Dex-2}
   211 | D        | Noticed a green death
   214 | D        | Entered arena 9.
   214 | D        | Found a transporter.
   229 | D        | Reached skill level 15 in Earth Magic
   245 | D        | Learned a level 9 spell: Shatter
   255 | D        | Learned a level 9 spell: Polar Vortex
   259 | D        | Got the +2 acid dragon scales of the Skies Above {Fly rElec
                  | rN+++ rCorr Stlth-}
   271 | D        | Entered arena 10.
   271 | D        | Noticed a spriggan rider
   271 | D        | Found a transporter.
   275 | D        | Reached skill level 15 in Fighting
   275 | D        | Reached skill level 10 in Ice Magic
   301 | D        | Got the ring of Xom's Passing Interest {rN+ Will+}
   307 | D        | Entered arena 11.
   307 | D        | Noticed a draconian
   307 | D        | Noticed a white draconian
   307 | D        | Noticed a draconian
   307 | D        | Noticed a draconian
   307 | D        | Noticed a draconian
   307 | D        | Noticed a draconian
   307 | D        | Noticed a purple draconian
   307 | D        | Noticed a draconian
   307 | D        | Noticed a white draconian
   307 | D        | Found a transporter.
   313 | D        | Killed a draconian
   315 | D        | Killed a white draconian
   316 | D        | Killed a draconian
   318 | D        | Killed a draconian
   321 | D        | Killed a draconian
   321 | D        | Killed a draconian
   321 | D        | Killed a purple draconian
   322 | D        | Killed a draconian
   322 | D        | Killed a white draconian
   323 | D        | Reached XP level 12. HP: 51/111 MP: 27/27
   329 | D        | Got the Volume of Lightness
   343 | D        | Entered arena 12.
   344 | D        | Found a transporter.
   347 | D        | Reached skill level 5 in Evocations
   394 | D        | Entered arena 13.
   394 | D        | Noticed a wretched star
   395 | D        | Found a transporter.
   415 | D        | Killed a wretched star
   416 | D        | Reached skill level 15 in Ice Magic
   737 | D        | Entered arena 14.
   737 | D        | Noticed a storm dragon
   737 | D        | Noticed a storm dragon
   737 | D        | Noticed a storm dragon
   737 | D        | Noticed a titan
   737 | D        | Noticed a titan
   738 | D        | Noticed a storm dragon
   738 | D        | Noticed a storm dragon
   739 | D        | HP: 3/114 [storm dragon/bolt of lightning (7)]
   739 | D        | Killed from afar by a storm dragon

Illustrated notes

Levels and vault maps discovered:
D:        sprint_v [room_start, room_1, room_2, room_3, room_4, room_5, room_6,
          room_7, room_8, room_9, room_10, room_11, room_12, room_13, room_14,
          room_15, room_16, room_17, room_18, room_19, room_20, room_21,
          room_22, room_23, room_24, room_25, room_26, room_27]

Skill      XL: |  1  2  3  4  5  6  7  8  9 10 11 12 |
---------------+-------------------------------------+-----
Fighting       | 3 5 7 8 10 13 14 16 17 | 17.5
Conjurations   | 2 4 5 6 7 |  7.0
Ice Magic      | 6 7 8 9 13 15 | 15.1
Invocations    | 2 3 9 10 11 | 11.4
Evocations     | 1 4 6 |  6.6
Spellcasting   | 3 6 9 10 11 | 11.1
Earth Magic    | 2 8 12 14 17 | 17.9
Dodging        | |  2.1
Stealth        | |  1.7

Action                   |  1- 3 |  4- 6 |  7- 9 | 10-12 || total
-------------------------+-------+-------+-------+-------++-------
Melee: Quarterstaff      |     5 |     2 |     2 |     4 ||    13
       Lance             |       |       |       |    41 ||    41
 Cast: Hailstorm         |       |       |     3 |     5 ||     8
       Freeze            |       |       |       |     3 ||     3
Invok: Greater Servant o |       |       |       |     1 ||     1
       Major Destruction |       |       |       |     1 ||     1
 Abil: Hop               |     1 |       |       |     4 ||     5
Evoke: Wand              |     3 |     2 |     7 |     7 ||    19
       Lightning rod     |       |     4 |     3 |    11 ||    18
       Tin of tremorston |       |       |     3 |    10 ||    13
       Condenser vane    |       |       |       |     4 ||     4
  Use: Potion            |       |     2 |     4 |    18 ||    24
       Scroll            |       |       |       |     4 ||     4
Armor: Robe              |     1 |       |     1 |     6 ||     8
       Acid dragon scale |       |       |       |    40 ||    40
Dodge: Dodged            |    11 |     1 |     2 |    92 ||   106
Block: Other             |       |     2 |       |       ||     2

Table legend: (Time is in decaauts)
 A = Elapsed time spent in this place.
 B = Non-inter-level travel time spent in this place.
 C = Inter-level travel time spent in this place.
 D = Time resting spent in this place.
 E = Time spent auto-exploring this place.
 F = Levels seen in this place.
 G = Mean time per level.
                   A        B        C        D        E       F      G
               +--------+--------+--------+--------+--------+-----+--------+
         Total |    747 |    747 |      0 |    275 |      0 |   1 |  747.0 |
       Dungeon |    747 |    747 |      0 |    275 |      0 |   1 |  747.0 |
               +--------+--------+--------+--------+--------+-----+--------+

Top non-repeatable levels by time:
       D: 747 daAuts
